 Dungeon Crawl Stone Soup version 0.26-a0-259-g1effd001a9 (webtiles) character file.

Game seed: 12609543545441831831

217 tilp the Sneak (level 5, -5/24 HPs)
             Began as a Spriggan Enchanter on July 16, 2020.
             Killed by divine providence
             ... invoked by an orc priest
              (16 damage)
             ... on level 4 of the Dungeon.
             The game lasted 00:06:33 (4651 turns).

tilp the Sneak (Spriggan Enchanter)                 Turns: 4651, Time: 00:06:33

Health: -5/24      AC:  2    Str:  4    XL:     5   Next: 61%
Magic:  12/12      EV: 33    Int: 18    God:
Gold:   168        SH:  0    Dex: 16    Spells: 0/12 levels left

rFire    . . .     SeeInvis +   a - +1 dagger
rCold    . . .     Faith    .   (shield restricted)
rNeg     . . .     Spirit   .   p - +0 robe
rPois    .         Reflect  .   (helmet restricted)
rElec    .         Harm     .   (no cloak)
rCorr    .                      (gloves unavailable)
MR       .....                  (boots unavailable)
Stlth    +++.......             n - amulet of the acrobat
HPRegen  0.08/turn              (no ring)
MPRegen  0.13/turn              (no ring)

@: acrobat, very quick
A: very small, unfitting armour, see invisible, herbivore, speed 3, slow
metabolism 2
a: no special abilities


You were on level 4 of the Dungeon.
You were not hungry.

You visited 1 branch of the dungeon, and saw 4 of its levels.

You collected 168 gold pieces.

Inventory:

Hand Weapons
 a - a +1 dagger (weapon)
 b - a +0 dagger of venom
Missiles
 g - 84 stones (quivered)
Armour
 p - a +0 robe (worn)
Jewellery
 e - a cursed ring of teleportation {unknown}
 i - an uncursed ring of ice {unknown}
 n - an amulet of the acrobat (around neck)
 q - an uncursed ring of wizardry {unknown}
Scrolls
 o - a scroll of magic mapping {unknown}
Potions
 d - a potion of curing
 f - a potion of mutation
 h - 2 potions of magic
 j - 3 potions of brilliance
 k - a potion of lignification {unknown}
 l - a potion of stabbing {unknown}
 m - a potion of heal wounds {unknown}
Comestibles
 c - 15 rations


   Skills:
 + Level 3.3 Short Blades
 - Level 3.0 Dodging
 + Level 6.3 Stealth
 - Level 4.0 Spellcasting
 + Level 5.0 Hexes


You couldn't memorise any spells.
You knew the following spells:

 Your Spells              Type           Power        Failure   Level
a - Corona                Hex            ###....      1%          1
b - Ensorcelled Hibernat  Hex/Ice        ##....       8%          2
c - Confusing Touch       Hex            ###.....     5%          3
d - Tukima's Dance        Hex            ###.....     5%          3
e - Dazzling Flash        Conj/Hex       ##....       16%         3

Your spell library contained the following spells:

 Spells                   Type           Power        Failure   Level


Dungeon Overview and Level Annotations

Branches:
Dungeon (4/15)
 Temple: D:4-7

Altars:
Elyvilon


Innate Abilities, Weirdness & Mutations

You are very small and have problems with some larger weapons.
You are too small for most types of armour.
You have supernaturally acute eyesight. (SInv)
You are a herbivore.
You cover ground extremely quickly.
You need to consume almost no food.


Message History

Found a dagger.
The helpless hound fails to defend itself.
You impale the hound!!
You kill the hound!
Your Hexes skill increases to level 5!
You now have 168 gold pieces (gained 14).
An orc and an orc priest come into view.
Unknown command. 2 orcs come into view.
An orc priest comes into view. It is wielding a +0 hand axe.
The orc priest shouts!
The orc shouts! x2; The orc priest shouts!
The orc priest calls down the wrath of Beogh upon you.
Beogh smites you!
Ouch! That really hurt!
You hear an angry hiss.
Found a stone staircase leading down.
The orc priest mumbles some strange prayers to Beogh against you.
Beogh smites you!
Ouch! That really hurt!
You die...

......†#.......#
###...#...#..###
#..###.....#
#...#...##.#
##.#..#.##...
###......######
#.......##
#######.####..#
#...o.#@####..#
#.....#.......#
#.o...o..####..
#.....##.# ###
#...o. .# ###...
.# #.## .# #. .#
# .#


You could see an orc priest and an orc.

Vanquished Creatures
  3 hounds (D:4)
  3 gnolls (D:2)
  4 worms
  3 dart slugs
  A leopard gecko (D:3)
  4 orcs (D:3)
  4 giant cockroaches
  11 goblins
  7 hobgoblins
  10 jackals
  A quokka (D:3)
  2 ball pythons
  4 bats
  6 frilled lizards
  6 kobolds
  8 rats
77 creatures vanquished.

Notes
Turn   | Place    | Note
-------+----------+-------------------------------------------
     0 | D:1      | tilp the Spriggan Enchanter began the quest for the Orb.
     0 | D:1      | Reached XP level 1. HP: 9/9 MP: 5/5
   678 | D:1      | Reached XP level 2. HP: 4/13 MP: 4/6
   902 | D:1      | Learned a level 2 spell: Ensorcelled Hibernation
  1689 | D:1      | Reached skill level 5 in Stealth
  1689 | D:1      | Reached XP level 3. HP: 10/16 MP: 4/8
  1694 | D:1      | Learned a level 3 spell: Confusing Touch
  2625 | D:2      | Reached XP level 4. HP: 17/21 MP: 4/10
  3894 | D:3      | Learned a level 3 spell: Dazzling Flash
  4177 | D:3      | Found a white marble altar of Elyvilon.
  4519 | D:4      | Reached XP level 5. HP: 22/24 MP: 6/12
  4522 | D:4      | Reached skill level 6 in Stealth
  4527 | D:4      | Learned a level 3 spell: Tukima's Dance
  4635 | D:4      | Reached skill level 5 in Hexes
  4651 | D:4      | Killed from afar by an orc priest

Illustrated notes

Levels and vault maps discovered:
D:1:      dpeg_arrival_rhombi, layout_rooms, serial_bayou, serial_bayou_shore_b,
          serial_bayou_pond_c, serial_bayou_crossing, serial_bayou_lagoon_b,
          supply_closet_lemuel, roderic_lattice_a, minmay_misc_feat_doors
D:2:      layout_basic, first_ration, minmay_goblin_kobold_house
D:3:      layout_loops_ring, elyvilon_altar_3
D:4:      layout_loops_cross, nicolae_overflow_hidden_temple, temple_hall,
          uniq_pikel

Skill      XL: |  1  2  3  4  5 |
---------------+----------------+-----
Spellcasting   | 3 4 |  4.0
Hexes          | 4 5 |  5.0
Stealth        | 5 6 |  6.3
Short Blades   | 2 3 |  3.3
Dodging        | |  3.0

Action                   |  1- 3 |  4- 6 || total
-------------------------+-------+-------++-------
Melee: Dagger            |   159 |    63 ||   222
Throw: Stone             |     1 |       ||     1
 Cast: Corona            |     7 |       ||     7
       Ensorcelled Hiber |    22 |    27 ||    49
  Use: Scroll            |       |     5 ||     5
 Stab: Sleeping          |    18 |    30 ||    48
  Eat: Ration            |       |     1 ||     1
Armor: Robe              |    11 |     4 ||    15
Dodge: Dodged            |   128 |    30 ||   158

Table legend:
 A = Non-vault XP
 B = Vault XP
 C = Vault XP percentage of total XP
 D = Non-vault monster count
 E = Vault monster count
 F = Vault count percentage of total count
                 A         B        C        D         E       F
            +---------+---------+-------+---------+---------+-------
      Total |     306 |       4 |   1.3 |      75 |       2 |   2.6
            +---------+---------+-------+---------+---------+-------
        D:1 |      41 |       0 |   0.0 |      24 |       0 |   0.0
        D:2 |      86 |       4 |   4.4 |      24 |       2 |   7.7
        D:3 |      52 |       0 |   0.0 |      24 |       0 |   0.0
        D:4 |     127 |       0 |   0.0 |       3 |       0 |   0.0
            +---------+---------+-------+---------+---------+-------
